 Dungeon Crawl Stone Soup version 0.17.0-24-gcfadda4 (webtiles) character file.

4977 dorian the Arsonist (level 10, -7/56 HPs)
             Began as an Octopode Fire Elementalist on Nov 16, 2015.
             Was an Initiate of Vehumet.
             Mangled by a gnoll sergeant
             ... wielding a +1 antimagic trident
              (14 damage)
             ... on level 8 of the Dungeon.
             The game lasted 00:51:35 (11781 turns).

dorian the Arsonist (Octopode Fire Elementalist)   Turns: 11781, Time: 00:51:35

Health: -7/56      AC:  1    Str:  6    XL:     10   Next: 53%
Magic:  12/23      EV: 12    Int: 29    God:    Vehumet [......]
Gold:   72         SH:  0    Dex: 12    Spells: 4 memorised, 1 level left

rFire  . . .     SeeInvis .     O - +9 spear of Judgement {pierce, +Inv rPois Int+3}
rCold  . . .     Clarity  .     (no shield)
rNeg   . . .     SustAt   .     (helmet restricted)
rPois  +         Gourm    .     d - amulet of rage
rElec  +         Spirit   .     p - ring of wizardry
rCorr  .         Warding  .     G - ring of wizardry
rMut   .         Stasis   .     I - ring of magical power
MR     .....                    e - +5 ring of intelligence (curse)
Stlth  +++.......               (no ring)
                                (no ring)
                                (no ring)
                                (no ring)

@: not resistant to hostile enchantments, fairly stealthy
A: almost no armour, amphibious, 8 rings, constrict 8, tentacle spike 1,
camouflage 1, breathe flames 1, electricity resistance, weak 1, gelatinous body
1
a: Renounce Religion, Breathe Fire, Evoke Berserk Rage, Evoke Invisibility


You were on level 8 of the Dungeon.
You worshipped Vehumet.
Vehumet was noncommittal.
You were not hungry.

You visited 2 branches of the dungeon, and saw 9 of its levels.
You also visited: Ossuary.

You collected 332 gold pieces.
You spent 260 gold pieces at shops.

Inventory:

Hand Weapons
 O - the +9 spear of Judgement (weapon) {pierce, +Inv rPois Int+3}
   (You found it on level 8 of the Dungeon)

   It inflicts extra damage upon your enemies.
   It affects your intelligence (+3).
   It protects you from poison.
   It lets you turn invisible.
Magical Staves
 q - an uncursed staff of cold
Jewellery
 d - an amulet of rage (around mantle)
 e - a cursed +5 ring of intelligence (on tentacle)
 p - a ring of wizardry (left tentacle)
 G - a ring of wizardry (right tentacle)
 I - a ring of magical power (on tentacle)
Wands
 i - a wand of fireball (1)
 o - a wand of draining (5)
 L - a wand of slowing (25)
Scrolls
 c - 7 scrolls of remove curse
 f - 2 scrolls of enchant weapon {unknown}
 g - 3 scrolls of teleportation
 l - a scroll of enchant armour {unknown}
 n - 3 scrolls of identify
 u - 8 scrolls of amnesia {unknown}
 v - a scroll of immolation {unknown}
 w - 4 scrolls of random uselessness {unknown}
 B - a scroll of recharging {unknown}
 H - a scroll of magic mapping {unknown}
 J - a scroll of noise {unknown}
 P - a scroll of summoning {unknown}
Potions
 h - 9 potions of curing
 j - 4 potions of lignification
 k - 3 potions of degeneration {unknown}
 r - a potion of heal wounds
 s - a potion of cancellation {unknown}
 t - 3 potions of mutation {unknown}
 x - 3 potions of poison {unknown}
 z - a potion of flight {unknown}
 A - a potion of brilliance {unknown}
 C - a potion of ambrosia {unknown}
 E - a potion of invisibility {unknown}
 F - a potion of agility {unknown}
Books
 a - a book of Flames

   Spells                             Type                      Level
   a - Flame Tongue                   Conjuration/Fire             1
   b - Throw Flame                    Conjuration/Fire             2
   c - Conjure Flame                  Conjuration/Fire             3
   d - Inner Flame                    Hexes/Fire                   3
   e - Sticky Flame                   Conjuration/Fire             4
   f - Fireball                       Conjuration/Fire             5
 y - a book of Callings

   Spells                             Type                      Level
   a - Summon Small Mammal            Summoning                    1
   b - Call Imp                       Summoning                    2
   c - Call Canine Familiar           Summoning                    3
   d - Summon Guardian Golem          Hexes/Summoning              3
   e - Summon Lightning Spire         Summoning/Air                4
   f - Summon Ice Beast               Ice/Summoning                4
 D - Xegimil's Disquisition on Unholy Rituals
   (You found it on level 5 of the Dungeon)

   Spells                             Type                      Level
   a - Animate Skeleton               Necromancy                   1
   b - Agony                          Necromancy                   5
   c - Dispel Undead                  Necromancy                   5
Comestibles
 b - a bread ration
 m - 5 meat rations
 M - 5 fruits


   Skills:
 - Level 2.0 Dodging
 - Level 2.6 Stealth
 + Level 2.6 Spellcasting
 + Level 10.7 Conjurations
 + Level 10.9 Fire Magic


You had one spell level left.
You knew the following spells:

 Your Spells              Type           Power        Failure   Level  Hunger
a - Flame Tongue          Conj/Fire      #####        1%          1    None
b - Sticky Flame          Conj/Fire      ######..     1%          4    ####...
c - Fireball              Conj/Fire      ######....   1%          5    ######.
d - Conjure Flame         Conj/Fire      ######..     1%          3    ###....


Dungeon Overview and Level Annotations

Branches:
Dungeon (8/15)             Temple (1/1) D:7
   Lair: D:8-11

Altars:
Ashenzari
Cheibriados
Dithmenos
Elyvilon
Fedhas
Gozag
Kikubaaqudgha
Makhleb
Nemelex Xobeh
Okawaru
Qazlal
Ru
Sif Muna
Trog
Vehumet
Xom
Yredelemnul
Zin
The Shining One

Shops:
D:4 =   D:6 [   D:7 !

Annotations:
D:7 Duvessa


Innate Abilities, Weirdness & Mutations

You cannot wear most types of armour.
You are amphibious.
You can wear up to eight rings at the same time.
You can use your tentacles to constrict eight enemies at once.
Your skin changes colour to match your surroundings (Stealth).
Your rubbery body absorbs attacks (AC +1).
One of your tentacles bears a spike.
You can breathe flames.
You are resistant to electric shocks.
You are weak. (Str -2)


Message History

Aim: a centaur (almost dead)
The sticky flame hits the centaur.
You kill the centaur!
Vehumet accepts your kill.
Casting: Sticky Flame
Confirm with . or Enter, or press ? or * to list all spells.
Aiming: Sticky Flame
Press: ? - help, Shift-Dir - straight line, f - hippogriff
Aim: a hippogriff The sticky flame hits the hippogriff.
The hippogriff is moderately wounded.
The hippogriff is covered in liquid flames!
The hippogriff burns!
The hippogriff bites you!
* * * LOW HITPOINT WARNING * * *
The hippogriff pecks you!
* * * LOW HITPOINT WARNING * * *
The hippogriff claws you.
* * * LOW HITPOINT WARNING * * *
The gnoll sergeant hits you from afar with an antimagic trident!
You die...

......##...#.#<#.##
###..###.###
......##...#(#.#.#
##.# #.###
.....[##...#.#.#.#
#..##....
......######.#.#.#
##.######
......######...#g#
.# #
###.(ggHc§(H####g#
.. # #.#######.#
#g# # #' #.# #H# #
.. #.# #@# #


oco #.####.# # .... #......# # ♣... ######## # .g.. # # # #####.## ........
#####.## You could see a hippogriff (burning), a gnoll sergeant and 2 gnolls.

Vanquished Creatures
  A hydra (D:7)
  Grinder (D:4)
  A shadow (D:7)
  Eustachio (D:5)
  A black bear (D:8)
  4 sky beasts
  2 ice beasts
  5 ogres
  An orc warrior (D:7)
  A phantom (D:4)
  5 centaurs
  8 giant frogs
  2 scorpions
  Dowan (D:7)
  A jelly (D:7)
  A centaur zombie (Ossuary)
  5 crimson imps
  2 centaur skeletons
  A human zombie (Ossuary)
  2 orc priests (D:7)
  2 giant frog skeletons
  Jessica (D:2)
  2 iguanas (D:4)
  Natasha (twice) (D:2)
  8 orc wizards
  A gnoll shaman (D:4)
  7 worker ants
  A big kobold zombie (Ossuary)
  3 mummies (Ossuary)
  2 worker ant zombies (D:5)
  11 adders
  15 gnolls
  3 oozes
  An adder zombie (D:2)
  7 worms
  9 giant geckos
  23 orcs
  2 ball pythons
  A gnoll zombie (Ossuary)
  6 hobgoblins
  24 jackals
  11 kobolds
  3 quokkas
  A ball python zombie (D:2)
  10 bats
  12 giant cockroaches
  A giant cockroach zombie (D:2)
  A giant gecko skeleton (D:4)
  7 giant newts
  9 goblins
  2 jackal zombies (D:2)
  3 kobold zombies (Ossuary)
  An orc zombie (Ossuary)
  A quokka zombie (D:7)
  6 rats
245 creatures vanquished.

Vanquished Creatures (others)
  5 fungi (D:8)
  7 plants (D:8)
12 creatures vanquished.

Grand Total: 257 creatures vanquished

Notes
Turn   | Place    | Note
--------------------------------------------------------------
     0 | D:1      | dorian the Octopode Fire Elementalist began the quest for the Orb.
     0 | D:1      | Reached XP level 1. HP: 11/11 MP: 3/3
   168 | D:1      | Reached XP level 2. HP: 15/17 MP: 0/5
   673 | D:2      | Reached XP level 3. HP: 14/21 MP: 6/6
   731 | D:2      | Noticed Jessica
  1028 | D:2      | Killed Jessica
  1028 | D:2      | Reached skill level 4 in Fire Magic
  1028 | D:2      | Reached XP level 4. HP: 27/27 MP: 1/7
  1133 | D:2      | Noticed Natasha
  1141 | D:2      | Killed Natasha
  1399 | D:2      | Reached XP level 5. HP: 27/31 MP: 2/8
  1697 | D:2      | Noticed Natasha
  1715 | D:2      | Killed Natasha
  2567 | D:3      | Noticed an ogre
  2577 | D:3      | Learned a level 4 spell: Sticky Flame
  2662 | D:3      | Killed an ogre
  2662 | D:3      | Reached skill level 5 in Fire Magic
  2662 | D:3      | Reached XP level 6. HP: 22/36 MP: 2/9
  3159 | D:3      | Found a shadowy altar of Dithmenos.
  3161 | D:3      | Found a blossoming altar of Fedhas.
  3162 | D:3      | Found a glowing silver altar of Zin.
  3691 | D:4      | Found Canorax's Jewellery Emporium.
  3706 | D:4      | Noticed Grinder
  3905 | D:4      | Reached skill level 5 in Conjurations
  3905 | D:4      | Reached XP level 7. HP: 41/41 MP: 5/10
  3965 | D:4      | Reached skill level 6 in Fire Magic
  4298 | D:4      | Found a burning altar of Makhleb.
  4301 | D:4      | Found a white marble altar of Elyvilon.
  4695 | D:4      | Found an ancient bone altar of Kikubaaqudgha.
  4724 | D:4      | Found an opulent altar of Gozag.
  4935 | D:5      | Entered Level 5 of the Dungeon
  4942 | D:5      | Reached XP level 8. HP: 46/46 MP: 3/11
  5017 | D:5      | Reached skill level 7 in Fire Magic
  5168 | D:4      | Gained mutation: One of your tentacles bears a spike. [mutagenic meat]
  5169 | D:4      | Gained mutation: You tend to lose your temper in combat. [mutagenic meat]
  5180 | D:5      | Found a sand-covered staircase.
  5185 | Ossuary  | Entered an ossuary
  6204 | D:5      | Noticed Eustachio
  6212 | D:5      | Killed Eustachio
  6278 | D:5      | Learned a level 5 spell: Fireball
  6784 | D:5      | Identified Xegimil's Disquisition on Unholy Rituals
  7145 | D:5      | Reached skill level 8 in Fire Magic
  7727 | D:6      | Found Vusm's Antique Armour Boutique.
  7792 | D:6      | Reached XP level 9. HP: 42/51 MP: 3/12
  7858 | D:6      | Gained mutation: You are weak. (Str -2) [mutagenic meat]
  7859 | D:6      | Gained mutation: You are resistant to electric shocks. [mutagenic meat]
  7860 | D:6      | Gained mutation: You can breathe flames. [mutagenic meat]
  8481 | D:4      | Reached skill level 9 in Fire Magic
  8660 | D:4      | Killed Grinder
  8681 | D:4      | Bought an uncursed ring of magical power for 260 gold pieces
  9548 | D:6      | You fall through a shaft!
  9548 | D:7      | Noticed Duvessa
  9548 | D:7      | Noticed Dowan
  9566 | D:7      | Noticed a seven-headed hydra
  9581 | D:7      | Found a snail-covered altar of Cheibriados.
  9603 | D:7      | Found Daudghups's Distillery.
 10008 | D:7      | Reached skill level 10 in Fire Magic
 10019 | D:7      | Lost mutation: You tend to lose your temper in combat. [mutagenic meat]
 10144 | D:7      | Reached XP level 10. HP: 56/56 MP: 13/13
 10304 | D:7      | Found a staircase to the Ecumenical Temple.
 10389 | Temple   | Entered the Ecumenical Temple
 10429 | Temple   | Became a worshipper of Vehumet
 10512 | D:7      | Reached skill level 10 in Conjurations
 10603 | D:7      | Killed Dowan
 10708 | D:7      | Killed a seven-headed hydra
 11299 | D:8      | Got a fine spear
 11300 | D:8      | Identified the +9 spear of Judgement {pierce, +Inv rPois Int+3} (You found it on level 8 of the Dungeon)
 11308 | D:8      | Learned a level 3 spell: Conjure Flame
 11781 | D:8      | Mangled by a gnoll sergeant

Action                   |  1- 3 |  4- 6 |  7- 9 | 10-12 || total
-------------------------+-------+-------+-------+-------++-------
Melee: Unarmed           |     3 |       |       |       ||     3
       Dagger            |    13 |    24 |    59 |     7 ||   103
       Spear             |       |       |       |     9 ||     9
 Cast: Flame Tongue      |    38 |   121 |   312 |    68 ||   539
       Sticky Flame      |       |     1 |    13 |    10 ||    24
       Fireball          |       |       |       |     4 ||     4
       Conjure Flame     |       |       |       |     1 ||     1
Evoke: Wand              |       |     2 |       |     2 ||     4
  Use: Potion            |       |       |     1 |     3 ||     4
       Scroll            |       |       |     3 |     2 ||     5
 Stab: Sleeping          |     4 |     1 |     1 |       ||     6
  Eat: Chunk             |     1 |    10 |    27 |     2 ||    40
       Bread ration      |       |       |     2 |     1 ||     3
       Beef jerky        |       |       |     1 |       ||     1
